 Dungeon Crawl Stone Soup version 0.26.0-10-g1f06aea511 (webtiles) character file.

Game seed: 15940318975224263121

529 inc the Jinx (level 7, 0/24 (27) HPs)
             Began as a Felid Enchanter on Feb 3, 2021.
             Was a Priest of Ru.
             Slain by a killer bee (9 damage)
             ... on level 8 of the Dungeon.
             The game lasted 00:13:37 (6894 turns).

inc the Jinx (Felid Enchanter)                      Turns: 6894, Time: 00:13:37

HP:   0/24 (27)     AC:  2    Str: 10      XL:     7   Next: 3%
MP:   7/11          EV: 18    Int: 19      God:    Ru [***...]
Gold: 113           SH:  0    Dex: 15 (16) Spells: 1/10 levels left
                                        Lives: 0   Deaths: 2

rFire    . . .     SeeInvis +     - Unarmed
rCold    . . .     Faith    .   (shield unavailable)
rNeg     . . .     Spirit   .   (armour unavailable)
rPois    .         Reflect  .   (helmet unavailable)
rElec    .         Harm     .   (cloak unavailable)
rCorr    .         Rampage  .   (gloves unavailable)
Will     +....                  (boots unavailable)
Stlth    +++.......             (no amulet)
HPRegen  0.08/turn              n - +4 ring of slaying
MPRegen  0.12/turn              c - +6 ring of strength

@: lethally poisoned (0 -> -8), horrified, heavily drained, quick
A: very small, no armour, no weapons or thrown items, stealth, claws 1, fangs 3,
see invisible, speed 1, shaggy fur 2, inability to use devices, cowardly, sharp
paws
a: Renounce Religion, Draw Out Power


You were on level 8 of the Dungeon.
You worshipped Ru.
Ru was most pleased with you.
You visited 2 branches of the dungeon, and saw 9 of its levels.

You collected 113 gold pieces.

Inventory:

Jewellery
 c - a +6 ring of strength (right paw)
 n - a +4 ring of slaying (left paw)
Wands
 j - a wand of flame (21)
Scrolls
 a - 6 scrolls of identify
 d - a scroll of immolation
 e - 4 scrolls of remove curse
 k - a scroll of fear {unknown}
 m - 3 scrolls of magic mapping {unknown}
 p - a scroll of amnesia {unknown}
Potions
 b - a potion of haste
 f - 2 potions of resistance
 g - 3 potions of lignification
 h - 3 potions of brilliance
 i - 5 potions of curing
 l - 4 potions of flight
 o - a potion of ambrosia
 q - a potion of heal wounds {unknown}


   Skills:
 - Level 2.6 Dodging
 - Level 4.0 Stealth
 - Level 6.3 Unarmed Combat
 - Level 2.0 Spellcasting
 + Level 8.4 Hexes
 - Level 3.7 Ice Magic


You had one spell level left.
You knew the following spells:

 Your Spells              Type           Power        Failure   Level
a - Tukima's Dance        Hex            26%          1%          3
b - Ensorcelled Hibernat  Hex/Ice        38%          1%          2
c - Confusing Touch       Hex            26%          1%          3
i - Corona                Hex            28%          1%          1

Your spell library contained the following spells:

 Spells                   Type           Power        Failure   Level
 Dazzling Flash           Conj/Hex       26%          9%          3


Dungeon Overview and Level Annotations

Branches:
Dungeon (8/15)             Temple (1/1) D:4
   Lair: D:8-11

Altars:
Cheibriados
Dithmenos
Fedhas
Hepliaklqana
Kikubaaqudgha
Ru
Trog
Uskayaw
Vehumet
Yredelemnul
Zin
The Shining One

Shops:
D:4 [[:=

Annotations:
D:3 Grinder
D:6 Eustachio
D:7 Pikel


Innate Abilities, Weirdness & Mutations

You cannot wear armour.
You are incapable of wielding weapons or throwing items.
Your paws allow you to move quietly. (Stealth)
You have sharp claws.
You have razor-sharp teeth.
You have supernaturally acute eyesight. (SInv)
You cover ground quickly.
You are covered in thick fur. (AC +2)
You cannot study or use magical devices.
Your cowardice makes you less effective in combat with threatening monsters.
Your sharp claws are effective at attacking unaware monsters.


Message History

There is an open door here.
Casting: Ensorcelled Hibernation (safe; 1% risk of failure)
Confirm with . or Enter, or press ? or * to list all spells.
Aiming: Ensorcelled Hibernation (safe; 1% risk of failure)
Press: ? - help, Shift-Dir - straight line, f - killer bee
Aim: a killer bee (chance to affect: 58%)
The killer bee resists with significant effort.
The killer bee completely misses you. x2; The killer bee misses you.
Unknown command.
Casting: Ensorcelled Hibernation (safe; 1% risk of failure)
Confirm with . or Enter, or press ? or * to list all spells.
Aiming: Ensorcelled Hibernation (safe; 1% risk of failure)
Press: ? - help, Shift-Dir - straight line, f/p - killer bee
Aim: a killer bee (chance to affect: 58%)
The killer bee resists with significant effort.
The killer bee closely misses you. The killer bee misses you.
The killer bee stings you.
You are poisoned.
The killer bee poisons you! The killer bee stings you!
You die...

.. ..# . . #. ...#
.#####.
##.###...#####......
#........#...#......
#........#...#......
+.$......#...#......
##..#######'##......
#.#####y##.........#####
......y@y'.........'....
.........#.........#)...
##########.........#....
..........########....
..........#....'......
..........#...)#......
..........+....#......
........<.#.##.#######
..#########.##.###....


You could see 3 killer bees.

Vanquished Creatures
  A black bear (D:5)
  2 ogres
  A bullfrog (D:3)
  A scorpion (D:5)
  2 wights (D:6)
  A vampire bat (D:4)
  A hound (D:4)
  A centaur skeleton (D:4)
  An orc wizard (D:2)
  4 worker ants
  2 hound zombies (D:5)
  3 gnolls (D:4)
  6 adders
  A shadow imp (D:6)
  An ufetubus (D:5)
  3 oozes
  An adder skeleton (D:5)
  4 worms
  3 fire bats (D:4)
  4 leopard geckos
  3 orcs
  2 spectral bats (D:4)
  3 bat skeletons (D:4)
  A bat zombie (D:4)
  9 giant cockroaches
  11 goblins
  6 hobgoblins
  6 jackals
  A quokka (D:2)
  19 bats
  A bat simulacrum (D:4)
  7 frilled lizards
  11 kobolds
  A leopard gecko skeleton (D:5)
  11 rats
135 creatures vanquished.

Vanquished Creatures (collateral kills)
  A wight (D:6)
1 creature vanquished.

Vanquished Creatures (others)
  A rat (D:3)
  5 plants (D:1)
6 creatures vanquished.

Grand Total: 142 creatures vanquished

Notes
Turn   | Place    | Note
-------+----------+-------------------------------------------
     0 | D:1      | inc the Felid Enchanter began the quest for the Orb.
     0 | D:1      | Reached XP level 1. HP: 7/7 MP: 4/4
   327 | D:1      | Reached XP level 2. HP: 11/11 MP: 6/6
   353 | D:2      | Learned a level 2 spell: Ensorcelled Hibernation
   903 | D:2      | Reached XP level 3. HP: 6/14 MP: 0/7
  1116 | D:2      | Found a sacrificial altar of Ru.
  1138 | D:2      | Reached XP level 4. HP: 18/18 MP: 6/8
  1165 | D:2      | Became a worshipper of Ru the Awakened
  2616 | D:1      | You fall into a shaft and drop 1 floor!
  2666 | D:1      | Gained mutation: Your cowardice makes you less effective in
                  | combat with threatening monsters. [Ru sacrifice]
  2666 | D:1      | Reached * piety under Ru
  2756 | D:1      | Reached XP level 5. HP: 21/21 MP: 0/9
  3019 | D:1      | Reached skill level 5 in Unarmed Combat
  3317 | D:3      | Noticed Grinder
  3343 | D:3      | Killed from afar by Grinder
  3344 | D:3      | Reached XP level 4. HP: -7/18 MP: 1/8
  3389 | D:4      | Noticed an ogre
  3391 | D:4      | Found Nenov's Armour Emporium.
  3396 | D:4      | Killed an ogre
  3397 | D:4      | Reached XP level 5. HP: 21/21 MP: 9/9
  3513 | D:4      | Found Fychitis's Book Emporium.
  3876 | D:4      | Found a staircase to the Ecumenical Temple.
  3957 | Temple   | Entered the Ecumenical Temple
  4277 | D:3      | Lost strength.
  4410 | D:3      | Reached skill level 1 in Ice Magic
  4410 | D:3      | Gained mutation: You are covered in thick fur. (AC +2)
                  | [Felid growth]
  4410 | D:3      | Reached XP level 6. HP: 24/24 MP: 5/10
  4600 | D:4      | Reached skill level 5 in Hexes
  4641 | D:4      | Found a bloodstained altar of Trog.
  4769 | D:4      | Found Wudaips's Jewellery Boutique.
  4975 | D:4      | Found Emoch's Antique Armour Shop.
  5286 | D:4      | Learned a level 3 spell: Confusing Touch
  5420 | D:4      | Reached skill level 6 in Hexes
  5465 | D:5      | Entered Level 5 of the Dungeon
  5486 | D:5      | Reached XP level 7. HP: 27/27 MP: 11/11
  5563 | D:5      | Found a blossoming altar of Fedhas.
  5563 | D:5      | Found a glowing golden altar of the Shining One.
  5565 | D:5      | Found a basalt altar of Yredelemnul.
  5565 | D:5      | Found a radiant altar of Vehumet.
  5565 | D:5      | Found a snail-covered altar of Cheibriados.
  5565 | D:5      | Found a hide-covered altar of Uskayaw.
  5565 | D:5      | Found a glowing silver altar of Zin.
  5566 | D:5      | Found a hazy altar of Hepliaklqana.
  5693 | D:5      | Gained mutation: You cannot study or use magical devices.
                  | [Ru sacrifice]
  5693 | D:5      | Reached ** piety under Ru
  5693 | D:5      | Reached *** piety under Ru
  5773 | D:5      | Reached skill level 7 in Hexes
  6237 | D:5      | Learned a level 3 spell: Tukima's Dance
  6276 | D:6      | Noticed Eustachio
  6415 | D:6      | Shot with an arrow by a centaur
  6416 | D:6      | Reached XP level 6. HP: -4/24 MP: 10/10
  6440 | D:6      | Reached skill level 8 in Hexes
  6599 | D:6      | HP: 1/22 [quasit[Eustachio] (1)]
  6622 | D:7      | Noticed Pikel
  6779 | D:8      | Reached XP level 7. HP: 23/24 MP: 7/11
  6894 | D:8      | Slain by a killer bee

Illustrated notes

Levels and vault maps discovered:
D:1:      dpeg_arrival_line_fractal, layout_basic, serial_forest,
          infiniplex_forest_straight_3, infiniplex_forest_split,
          infiniplex_forest_clump_large, infiniplex_forest_fountain,
          infiniplex_forest_straight_3, infiniplex_forest_end_double,
          infiniplex_forest_corner_1, infiniplex_forest_lined_3_way,
          minmay_pentomino_x2
D:2:      minmay_thinvault, layout_loops_ring, hangedman_decor_growths,
          minmay_tree_intersection, dk_noncrumbling_2,
          nicolae_ru_great_annihilating_truth
D:3:      layout_basic, uniq_grinder
D:4:      layout_cave_pools, lightli_temple_of_fire,
          minmay_temple_entry_large_hall, serial_shops, kennysheep_mini,
          nicolae_shop_trees, nicolae_shop_statue_plus, nicolae_shop_waterfront,
          st_stairs_13, goddamned_bats
D:5:      black_bear_nest_1, layout_rooms, grunt_temple_overflow_open
D:6:      layout_cave_pools, uniq_eustachio
D:7:      layout_layer_cave, overflow_temple_1_default,
          gammafunk_ghost_necromancy, uniq_pikel
D:8:      layout_gridville, nemelex_diamond_rough_becter, uniq_harold,
          uniq_erica
Temple:   nicolae_temple_hex_pool

Skill      XL: |  1  2  3  4  5  6  7 |
---------------+----------------------+-----
Unarmed Combat | 2 3 4 6 |  6.3
Ice Magic      | 1 2 3 |  3.7
Hexes          | 8 7 |  8.4
Dodging        | |  2.6
Stealth        | |  4.0
Spellcasting   | |  2.0

Action                   |  1- 3 |  4- 6 |  7- 9 || total
-------------------------+-------+-------+-------++-------
Melee: Unarmed           |    46 |   174 |    22 ||   242
       Bite              |     1 |     6 |     3 ||    10
       Punch             |       |     1 |       ||     1
 Cast: Ensorcelled Hiber |     7 |    79 |    10 ||    96
       Tukima's Dance    |       |     3 |       ||     3
       Confusing Touch   |       |     3 |       ||     3
Invok: Sacrifice Courage |       |     1 |       ||     1
       Draw Out Power    |       |     3 |       ||     3
       Sacrifice Artific |       |       |     1 ||     1
  Use: Scroll            |       |     7 |     3 ||    10
 Stab: Sleeping          |    14 |    73 |     6 ||    93
       Paralysed         |     1 |       |       ||     1
       Distracted        |       |     2 |       ||     2
Armor: Skin              |     3 |    22 |     3 ||    28
Dodge: Dodged            |    23 |   158 |    32 ||   213
